Construct Section Command Post
Selects Indian Artillery Battlegroup
Construct Platoon Command Post
Selects Artillery Saturation
6-pounder Anti-tank Gun Team
Selects Gurkha Rifles Section
6-pounder Anti-tank Gun Team
Unlock Bishop Self-propelled Artillery
Bishop Self-propelled Artillery
Bishop Self-propelled Artillery
6-pounder Anti-tank Gun Team
Construct Company Command Post
Unlock Towed 17-pounder Anti-tank Guns
Selects Off-map Airburst Barrage